Map: Old Estate

Players

Glamdring - Winner!

  • Race: Zerg Zerg
  • League: Platinum
  • Spawn Location: 3:00

Gimli - Winner!

  • Race: Protoss Protoss
  • Spawn Location: 1:00

TheSkunk - Winner!

  • Race: Protoss Protoss
  • League: Diamond
  • Spawn Location: 1:00

WaryHermit - Winner!

  • Race: Protoss Protoss
  • Spawn Location: 3:00

KeltWarrior

  • Race: Terran Terran
  • League: Diamond
  • Spawn Location: 7:00

Starfax

  • Race: Terran Terran
  • Spawn Location: 7:00

BritneySpear

  • Race: Terran Terran
  • League: Silver
  • Spawn Location: 9:00

Crisis

  • Race: Zerg Zerg
  • League: Master
  • Spawn Location: 7:00

VOD

Have the link to the VOD?

Description

Time

  • Played on: March 8, 2019, 8:12 p.m.
  • Length: 19:08
Show
View Real Time Build Order
Export as new Build Order

Glamdring Zerg - Winner!

Build Orders: Hatch First, Lurkers 

Get SALT Encoding   

  12  0:04  Drone  
  13  0:11  Drone  
  14  0:18  Overlord  
  14  0:37  Drone  
  14  0:38  Drone x2  
  17  1:00  Hatchery  
  17  1:03  Drone x2  
  18  1:19  Spawning Pool  
  18  1:20  Drone  
  18  1:35  Extractor, Drone x2  
  19  1:54  Drone x2  
  21  2:08  Drone  
  22  2:12  Queen  
  22  2:13  Queen  
  26  2:19  Drone x2  
  26  2:21  Extractor  
  28  2:22  Drone  
  28  2:32  Overlord  
  28  2:33  Overlord  
  28  2:36  Overlord  
  29  2:51  Zergling x4  
  30  3:00  Drone  
  30  3:01  Drone  
  32  3:11  Metabolic Boost  
  32  3:16  Drone x3  
  35  3:21  Hatchery  
  34  3:30  Drone x2  
  34  3:31  Drone x3  
  39  3:49  Drone  
  39  3:50  Drone x4  
  44  3:59  Queen  
  44  4:00  Queen  
  48  4:06  Spore Crawler  
  48  4:07  Spore Crawler  
  46  4:10  Spore Crawler  
  46  4:11  Drone  
  46  4:12  Drone  
  47  4:20  Zergling x2  
  47  4:21  Zergling x8  
  52  4:35  Queen  
  54  4:38  Spore Crawler  
  54  4:42  Drone  
  54  4:43  Drone x4  
  58  4:55  Overlord  
  58  4:56  Overlord  
  58  5:04  Spore Crawler, Overlord  
  58  5:05  Overlord  
  57  5:13  Queen  
  59  5:14  Lair  
  59  5:28  Drone  
  59  5:29  Drone x9  
  59  5:35  Extractor  
  68  5:36  Extractor  
  68  5:40  Evolution Chamber  
  68  5:42  Evolution Chamber  
  65  5:45  Roach Warren  
  64  6:04  Drone  
  64  6:05  Drone x11  
  76  6:23  Burrow  
  76  6:28  Extractor  
  76  6:29  Extractor  
  74  6:32  Zerg Missile Weapons Level 1  
  74  6:34  Zerg Ground Armor Level 1, Hydralisk Den  
  74  6:38  Glial Reconstitution  
  73  6:41  Infestation Pit  
  73  6:44  Drone x2  
  75  6:47  Drone x4  
  75  6:48  Drone x2  
  75  6:52  Spore Crawler  
  79  7:07  Spore Crawler x2  
  77  7:13  Drone  
  77  7:14  Drone x8  
  86  7:28  Grooved Spines  
  86  7:32  Hydralisk  
  86  7:33  Lurker Den, Hydralisk  
  86  7:35  Overlord x6  
  89  7:49  Hatchery  
  89  7:50  Spire  
  87  7:54  Extractor x2, Spire  
  87  7:55  Spire  
  83  8:04  Hydralisk  
  83  8:05  Hydralisk x6  
  97  8:17  Hydralisk x5  
  107  8:32  Drone x3  
  110  8:40  Muscular Augments  
  110  8:45  Hive  
  110  8:52  Overlord x4  
  110  8:53  Overlord, Hydralisk  
  110  8:54  Hydralisk x4  
  120  9:04  Pneumatized Carapace  
  120  9:14  Zerg Missile Weapons Level 2  
  120  9:15  Zerg Ground Armor Level 2  
  120  9:18  Queen  
  120  9:21  Drone  
  120  9:22  Drone x5  
  128  9:25  Drone  
  128  9:26  Drone x5  
  134  9:32  Zerg Flyer Weapons Level 1  
  134  9:33  Zerg Flyer Armor Level 1  
  134  10:09  Corruptor  
  134  10:10  Corruptor x8  
  152  10:17  Greater Spire  
  152  10:25  Drone  
  152  10:26  Drone x5  
  158  10:48  Overlord x3  
  158  10:49  Overlord  
  158  10:50  Overlord  
  158  10:59  Adaptive Talons  
  158  11:03  Hydralisk x12  
  180  11:08  Overseer x3  
  182  11:16  Lurker x3  
  182  11:17  Lurker  
  169  11:47  Lurker x3  
  169  11:50  Viper  
  169  11:51  Viper  
  178  12:08  Extractor  
  177  12:12  Extractor  
  177  12:13  Hatchery  
  177  12:14  Zerg Flyer Weapons Level 2  
  175  12:20  Zerg Flyer Armor Level 2  
  175  12:27  Drone  
  175  12:28  Drone x5  
  178  12:38  Viper x2  
  178  12:39  Viper  
  165  12:58  Viper x2  
  139  13:08  Brood Lord x2  
  137  13:20  Viper  
  137  13:23  Corruptor  
  142  13:28  Queen  
  144  13:53  Overlord  
  144  13:54  Overlord x4  
  144  13:56  Overseer x2  
  144  13:57  Overseer  
  144  13:58  Zerg Missile Weapons Level 3  
  144  14:00  Overseer x2  
  138  14:28  Viper x2  
  138  14:29  Corruptor  
  138  14:30  Corruptor x7  
  153  14:51  Viper x3  
  160  15:08  Corruptor x2  
  160  15:09  Corruptor x3  
  166  15:32  Corruptor  
  166  15:33  Corruptor x6  
  177  15:43  Hydralisk  
  179  15:52  Brood Lord x3  
  185  16:13  Corruptor  
  176  16:46  Corruptor x10  
  185  16:55  Brood Lord x2  
  185  16:56  Brood Lord  
  191  17:09  Brood Lord  
  193  17:19  Hydralisk x4  
  193  17:20  Hydralisk  
  195  17:37  Hatchery  
  196  17:58  Brood Lord x2  
  196  17:59  Brood Lord  
Show
View Real Time Build Order
Export as new Build Order

Gimli Protoss - Winner!

Build Orders: Oracle Opening, Phoenix Opening 

Get SALT Encoding   

  12  0:01  Probe  
  13  0:13  Probe  
  14  0:24  Pylon  
  14  0:25  Probe  
  15  0:37  Assimilator  
  15  0:47  Gateway  
  15  0:48  Probe  
  16  1:03  Pylon, Probe  
  17  1:20  Assimilator  
  17  1:37  Cybernetics Core  
  17  1:55  Nexus  
  17  1:58  Probe  
  18  2:10  Probe  
  19  2:17  Warp Gate  
  19  2:21  Stargate  
  19  2:23  Probe  
  20  2:35  Probe  
  20  2:36  Stalker  
  23  2:47  Probe  
  24  2:59  Probe  
  24  3:01  Stalker  
  25  3:06  Oracle  
  25  3:11  Probe  
  31  3:18  Probe  
  32  3:30  Probe  
  33  3:43  Probe  
  34  3:49  Fleet Beacon  
  34  3:55  Probe  
  35  3:58  Phoenix  
  37  4:07  Probe  
  38  4:19  Probe  
  39  4:42  Tempest  
  39  4:45  Stalker  
  46  5:13  Stargate  
  46  5:15  Gateway  
  46  5:18  Gateway  
  46  5:20  Gateway  
  46  5:21  Pylon  
  46  5:24  Pylon  
  46  5:26  Pylon  
  46  5:28  Assimilator  
  46  5:29  Pylon  
  46  5:32  Assimilator  
  46  5:34  Pylon  
  46  5:39  Probe, Tempest  
  52  5:51  Probe  
  53  6:02  Tempest  
  53  6:03  Probe  
  59  6:15  Probe  
  59  6:17  Stalker x3  
  59  6:18  Protoss Air Weapons Level 1  
  66  6:28  Probe  
  67  6:36  Forge  
  67  6:37  Forge  
  67  6:48  Cybernetics Core  
  64  7:13  Carrier x2  
  76  7:24  Anion Pulse-Crystals  
  76  7:32  Protoss Air Armor Level 1  
  76  7:58  Twilight Council  
  76  8:04  Protoss Shields Level 1  
  76  8:16  Protoss Air Weapons Level 2  
  76  8:27  Phoenix  
  76  8:28  Phoenix  
  80  8:49  Charge  
  80  9:01  Phoenix  
  82  9:04  Zealot x2  
  86  9:14  Pylon  
  86  9:15  Pylon  
  86  9:17  Pylon  
  86  9:18  Pylon  
  86  9:32  Tempest  
  86  9:33  Tempest  
  96  9:42  Protoss Air Armor Level 2  
  96  9:50  Nexus  
  96  9:53  Assimilator  
  96  9:57  Assimilator  
  96  9:58  Probe  
  97  10:07  Pylon  
  97  10:10  Probe  
  97  10:12  Pylon  
  98  10:20  Phoenix  
  100  10:23  Phoenix  
  102  10:35  Photon Cannon  
  102  10:45  Tempest  
  107  11:00  Tempest  
  107  11:01  Protoss Air Weapons Level 3  
  112  11:11  Protoss Shields Level 2  
  112  11:52  Carrier  
  118  12:00  Void Ray  
  122  12:03  Probe  
  123  12:11  Probe  
  124  12:16  Protoss Air Armor Level 3  
  124  12:20  Probe  
  125  12:32  Probe  
  124  12:44  Probe  
  97  13:13  Carrier x2  
  97  13:14  Zealot x3  
  97  13:15  Zealot  
  82  14:22  Phoenix x2  
  86  14:30  Zealot x3  
  86  14:31  Zealot  
  94  14:35  Probe  
  95  14:43  Probe  
  95  14:47  Phoenix x2  
  95  14:52  Probe  
  101  15:03  Probe  
  102  15:12  Phoenix x2  
  106  15:15  Probe  
  105  15:36  Phoenix  
  105  15:37  Tempest  
  112  15:48  Zealot x2  
  112  15:49  Zealot x2  
  120  15:51  Tempest  
  125  16:19  Stargate  
  125  16:21  Stargate  
  125  16:23  Zealot x3  
  125  16:24  Zealot  
  109  16:56  Zealot  
  109  16:57  Zealot x3  
  115  17:08  Tempest  
  115  17:09  Tempest x3  
  123  17:19  Zealot x4  
  110  17:51  Tempest  
  110  17:52  Tempest  
  103  18:25  Zealot  
  103  18:26  Zealot x3  
  123  18:53  Zealot x2  
  123  18:54  Zealot x2  
Show
View Real Time Build Order
Export as new Build Order

TheSkunk Protoss - Winner!

Build Orders:  

Get SALT Encoding   

  12  0:01  Probe  
  13  0:17  Pylon  
  13  0:20  Probe  
  14  0:34  Probe  
  15  0:37  Gateway  
  15  0:45  Assimilator  
  15  0:46  Probe  
  16  0:58  Probe  
  17  1:10  Probe  
  18  1:22  Probe  
  18  1:24  Cybernetics Core  
  19  1:34  Probe  
  20  1:45  Nexus  
  20  1:48  Pylon  
  20  1:52  Probe  
  21  2:03  Adept, Assimilator  
  21  2:06  Warp Gate  
  23  2:12  Probe  
  24  2:21  Probe  
  24  2:29  Probe  
  25  2:30  Twilight Council  
  25  2:35  Pylon  
  26  2:39  Probe  
  26  2:41  Adept  
  29  2:59  Probe  
  29  3:02  Probe  
  31  3:08  Probe  
  31  3:09  Templar Archives  
  31  3:10  Forge  
  31  3:11  Probe  
  32  3:19  Probe  
  33  3:20  Pylon  
  33  3:21  Charge  
  33  3:23  Probe  
  34  3:31  Probe  
  34  3:33  Probe  
  37  3:43  Probe  
  37  3:44  Probe  
  39  3:50  Assimilator  
  39  3:51  Psionic Storm  
  39  3:52  Assimilator  
  39  3:57  Probe x2  
  41  4:09  Probe x2  
  43  4:16  Protoss Ground Weapons Level 1  
  43  4:18  Zealot  
  43  4:21  Probe  
  43  4:23  Gateway  
  46  4:28  Probe  
  46  4:30  Gateway  
  47  4:33  Gateway  
  47  4:36  Probe  
  48  4:40  Probe  
  49  4:48  Probe  
  49  4:52  Probe  
  51  5:00  High Templar, Probe, Forge  
  51  5:04  Probe  
  55  5:12  Probe  
  56  5:16  Probe  
  56  5:19  High Templar  
  59  5:21  Nexus  
  59  5:23  Probe  
  59  5:26  Pylon  
  60  5:28  Probe  
  60  5:29  Pylon  
  60  5:31  Probe  
  62  5:38  Pylon  
  62  5:40  Pylon  
  62  5:44  Protoss Ground Armor Level 1, Probe  
  62  5:45  Pylon  
  62  5:47  Photon Cannon  
  63  5:50  High Templar, Shield Battery  
  63  5:51  High Templar  
  67  6:01  Photon Cannon  
  67  6:02  Shield Battery  
  67  6:05  Protoss Ground Weapons Level 2  
  67  6:07  Probe  
  67  6:08  Probe  
  69  6:16  Probe  
  69  6:21  Probe, Photon Cannon  
  71  6:32  High Templar x2  
  75  6:33  Zealot x2  
  75  6:37  Robotics Facility  
  75  6:39  Robotics Facility  
  79  6:44  Gateway  
  79  6:48  Probe x3  
  79  6:52  Assimilator  
  82  6:55  Assimilator  
  82  7:00  Probe  
  83  7:10  Blink  
  83  7:11  Probe x2  
  83  7:13  Nexus  
  83  7:14  Pylon  
  85  7:21  Stargate  
  85  7:23  Probe x2  
  85  7:24  Probe  
  88  7:31  Observer  
  88  7:35  Probe x2  
  88  7:36  Zealot x4  
  99  7:47  Pylon  
  99  7:50  Probe  
  99  7:51  Probe  
  101  7:52  Pylon, Immortal  
  101  7:56  Protoss Ground Armor Level 2  
  101  7:57  Protoss Air Weapons Level 1  
  105  8:03  Cybernetics Core  
  105  8:06  Oracle  
  105  8:07  Pylon  
  105  8:10  Pylon  
  108  8:13  Pylon  
  108  8:16  Probe x2  
  108  8:19  Stalker x2  
  114  8:21  High Templar x3  
  114  8:25  Archon  
  120  8:27  Assimilator  
  120  8:30  Probe  
  120  8:31  Protoss Ground Weapons Level 3, Assimilator  
  121  8:34  Protoss Air Armor Level 1, Photon Cannon  
  121  8:36  Shield Battery  
  121  8:49  Fleet Beacon  
  121  8:55  Zealot x2  
  121  8:56  Zealot x3  
  131  9:14  Stargate  
  131  9:15  Stargate  
  131  9:24  Gateway  
  131  9:25  Gateway  
  131  9:27  Gateway  
  131  9:29  Gateway  
  131  9:30  Gateway  
  131  9:51  Nexus  
  131  9:53  Protoss Ground Armor Level 3  
  131  9:54  Assimilator  
  131  9:58  Assimilator  
  131  10:00  Pylon, Observer  
  131  10:02  Pylon, Tempest x3  
  131  10:05  Pylon  
  147  10:07  Protoss Air Weapons Level 2  
  147  10:08  Pylon  
  147  10:11  Pylon  
  147  10:22  Observer  
  148  10:46  Photon Cannon  
  148  10:47  Shield Battery  
  148  10:49  Photon Cannon  
  148  10:52  Shield Battery  
  148  10:55  Photon Cannon  
  148  10:59  Protoss Air Armor Level 2, Shield Battery, Protoss Shields Level 1  
  148  11:01  Photon Cannon  
  148  11:02  Tempest x2  
  148  11:03  Tempest  
  163  11:04  Shield Battery  
  163  11:12  Mothership  
  168  11:45  Tempest x3  
  183  12:08  Photon Cannon  
  183  12:09  Photon Cannon  
  183  12:11  Photon Cannon  
  183  12:12  Photon Cannon  
  183  12:13  Shield Battery x2  
  183  12:15  Shield Battery  
  183  12:28  Tempest x3  
  152  12:44  High Templar x2  
  152  12:45  High Templar x6  
  160  13:09  Warp Prism, Archon x3  
  160  13:10  Archon  
  158  13:24  Protoss Air Weapons Level 3  
  158  13:25  Protoss Air Armor Level 3  
  158  13:26  Tempest  
  158  13:27  Tempest  
  163  13:28  High Templar  
  170  13:34  Oracle  
  173  13:45  Immortal  
  177  13:58  Robotics Facility  
  167  14:35  High Templar  
  167  14:36  High Templar x6  
  167  14:37  High Templar x2  
  169  14:57  Archon  
  169  14:58  Archon  
  136  15:26  Nexus  
  131  15:28  Assimilator  
  131  15:32  Assimilator  
  131  15:33  Tempest x3  
  131  15:35  Pylon  
  146  15:39  Pylon  
  146  15:42  Pylon, Zealot x3  
  150  15:43  Zealot x5  
  150  15:44  Pylon, Zealot  
  154  16:01  Warp Prism  
  156  16:05  Observer  
  157  16:15  Tempest  
  157  16:17  High Templar x4  
  157  16:18  High Templar x5  
  178  16:20  Tempest x2  
  178  16:22  Archon x2  
  178  16:23  Archon x2  
  188  16:27  Observer  
  179  16:48  Observer  
  179  16:50  Warp Prism  
  182  16:58  Tempest  
  184  17:13  Observer  
  183  17:19  Zealot x5  
  183  17:20  Zealot x3  
  199  17:26  Warp Prism  
  185  17:49  Probe  
  151  17:59  High Templar x2  
  151  18:00  High Templar x5  
  151  18:01  Zealot x2  
  151  18:02  Observer  
  170  18:10  Warp Prism  
  172  18:15  Probe  
  172  18:16  Probe x2  
  175  18:23  Observer  
  175  18:24  Zealot x2  
Show
View Real Time Build Order
Export as new Build Order

WaryHermit Protoss - Winner!

Build Orders:  

Get SALT Encoding   

  12  0:01  Probe  
  13  0:14  Pylon  
  13  0:18  Probe  
  14  0:26  Probe  
  14  0:35  Probe  
  16  0:42  Gateway  
  16  0:44  Probe  
  17  0:57  Probe  
  18  1:00  Assimilator  
  18  1:09  Probe  
  19  1:12  Gateway  
  19  1:21  Probe  
  20  1:28  Pylon  
  20  1:46  Cybernetics Core  
  20  1:55  Nexus  
  20  2:06  Probe  
  20  2:11  Assimilator  
  20  2:12  Warp Gate  
  20  2:14  Probe  
  22  2:26  Robotics Facility  
  22  2:33  Adept  
  25  2:37  Probe  
  25  2:41  Adept  
  27  3:02  Probe  
  27  3:05  Stalker  
  30  3:07  Probe  
  31  3:14  Observer, Probe  
  31  3:15  Probe  
  34  3:28  Probe  
  35  3:40  Probe  
  36  3:44  Gateway x2  
  36  3:46  Probe  
  37  3:52  Probe  
  38  3:58  Probe  
  38  4:00  Immortal  
  43  4:22  Stalker  
  45  4:27  Pylon  
  43  4:49  Probe  
  39  4:57  Immortal  
  39  5:01  Probe  
  40  5:08  Probe  
  40  5:09  Stalker x4  
  40  5:13  Probe  
  54  5:15  Assimilator  
  54  5:17  Pylon  
  54  5:18  Pylon  
  54  5:23  Assimilator  
  54  5:26  Forge  
  54  5:35  Probe  
  55  5:47  Probe  
  55  5:48  Protoss Ground Weapons Level 1  
  56  5:56  Probe  
  57  5:57  Probe  
  57  6:04  Pylon  
  58  6:05  Probe  
  58  6:08  Probe  
  58  6:10  Immortal  
  64  6:12  Stalker  
  64  6:13  Probe  
  64  6:14  Stalker  
  69  6:20  Probe  
  70  6:25  Probe  
  71  6:32  Probe  
  71  6:37  Probe  
  73  6:43  Observer  
  73  6:45  Probe  
  73  6:46  Gateway  
  73  6:53  Nexus  
  73  6:54  Stalker  
  76  6:55  Probe  
  76  6:57  Probe  
  78  7:17  Forge  
  78  7:21  Pylon  
  78  7:29  Pylon  
  78  7:33  Warp Prism  
  78  7:35  Protoss Ground Armor Level 1, Twilight Council  
  78  7:37  Gateway  
  78  7:39  Probe x2  
  82  7:47  Stalker  
  82  7:48  Stalker x3  
  82  7:49  Stalker  
  92  7:51  Probe  
  92  7:56  Protoss Ground Weapons Level 2  
  93  8:02  Immortal  
  93  8:04  Pylon, Probe  
  93  8:06  Pylon  
  93  8:12  Probe, Assimilator  
  98  8:17  Assimilator  
  99  8:22  Blink  
  99  8:33  Gateway  
  99  8:34  Immortal  
  99  8:42  Stalker x2  
  99  8:43  Stalker  
  109  8:53  Photon Cannon  
  109  8:56  Photon Cannon  
  109  8:58  Photon Cannon  
  109  9:03  Probe x2, Photon Cannon  
  109  9:04  Probe  
  112  9:12  Probe  
  112  9:14  Observer  
  114  9:29  Probe  
  115  9:31  Protoss Ground Armor Level 2  
  115  9:41  Probe  
  116  9:46  Immortal  
  120  10:01  Protoss Ground Weapons Level 3  
  119  10:20  Charge  
  118  10:32  Dark Shrine  
  118  10:37  Templar Archives  
  118  10:59  Probe  
  119  11:11  Probe  
  120  11:17  Gateway  
  120  11:20  Gateway  
  120  11:22  Gateway  
  120  11:24  Gateway  
  120  11:27  Pylon  
  120  11:28  Pylon  
  120  11:30  Protoss Ground Armor Level 3  
  104  11:42  Psionic Storm  
  102  11:56  Dark Templar x4  
  102  11:57  Dark Templar x3  
  116  12:31  Gateway  
  116  12:34  Gateway  
  116  12:37  Gateway  
  101  12:47  Dark Templar x6  
  101  12:48  Dark Templar x5  
  111  12:52  Archon x3  
  111  12:53  Archon x2  
  75  13:13  Observer  
  75  13:14  Nexus  
  75  13:15  Protoss Shields Level 1  
  75  13:18  Pylon x2  
  75  13:19  Pylon  
  76  13:21  Pylon  
  76  13:30  Observer  
  76  13:31  Probe x3  
  80  13:43  Pylon, Immortal, Probe  
  80  13:44  Pylon  
  84  14:21  Warp Prism  
  79  14:26  Dark Templar x4  
  79  14:27  Dark Templar x7  
  79  14:28  Dark Templar x3  
  79  14:30  Probe  
  108  14:42  Probe  
  109  14:49  Warp Prism  
  109  14:58  Archon x5  
  109  14:59  Archon  
  111  15:00  Archon  
  111  15:02  Dark Templar x5  
  111  15:06  Assimilator  
  121  15:09  Assimilator  
  117  15:23  Observer  
  112  15:43  Archon x2  
  112  15:44  Warp Prism  
  110  16:20  Observer  
  109  16:25  Zealot x2  
  109  16:26  Zealot x6  
  109  16:27  Zealot x6  
  107  17:01  Dark Templar x6  
  100  17:02  Dark Templar x5  
  100  17:03  Dark Templar x2  
  100  17:06  Archon x4  
  100  17:07  Archon x2  
  104  17:16  Zealot  
  102  17:37  Zealot x6  
  102  17:38  Zealot x5  
  114  17:53  Dark Templar, Nexus  
  114  17:54  Dark Templar x2  
  114  17:58  Archon  
  120  18:04  Zealot x2, Archon  
  120  18:05  Zealot x7  
  134  18:06  Zealot x2  
  142  18:27  Stalker x2  
  142  18:28  Stalker  
Show
View Real Time Build Order
Export as new Build Order

KeltWarrior Terran 

Build Orders:  

Get SALT Encoding   

  12  0:02  SCV  
  13  0:14  SCV  
  14  0:25  Supply Depot  
  14  0:27  SCV  
  15  0:47  SCV  
  15  0:49  Barracks  
  16  0:54  Refinery  
  16  0:59  SCV  
  17  1:09  Barracks  
  17  1:10  Refinery  
  17  1:16  SCV  
  18  1:28  SCV  
  19  1:40  SCV  
  19  1:44  Barracks Reactor  
  20  1:53  Orbital Command  
  20  1:56  Barracks Tech Lab  
  20  2:01  Factory  
  20  2:12  Supply Depot  
  20  2:14  Marine  
  21  2:22  Stimpack  
  21  2:25  Marine  
  22  2:31  SCV  
  22  2:34  Marine  
  24  2:39  Marine  
  25  2:48  Starport  
  25  2:51  Factory Reactor  
  25  2:55  SCV  
  25  2:57  Marine  
  27  3:07  Marine  
  27  3:08  Marine  
  27  3:12  Supply Depot  
  29  3:16  Engineering Bay  
  29  3:19  SCV  
  30  3:22  Marine  
  31  3:33  Marine x2  
  33  3:35  Medivac  
  35  3:41  Medivac  
  35  3:47  Missile Turret  
  37  3:49  Marine  
  37  3:54  Marine  
  39  3:59  Factory Tech Lab  
  39  4:08  Supply Depot  
  39  4:22  Combat Shield  
  39  4:29  Marine x3  
  42  4:35  Bunker  
  30  4:54  Marine  
  30  4:55  Marine x2  
  30  4:56  Medivac  
  35  5:11  Siege Tank  
  35  5:12  Command Center  
  38  5:21  Marine  
  38  5:22  Marine x2  
  38  5:25  Terran Infantry Weapons Level 1  
  41  5:31  Barracks  
  41  5:35  Barracks  
  41  5:39  Marine  
  41  5:40  Marine  
  43  5:57  SCV  
  44  6:06  Siege Tank  
  47  6:12  Missile Turret  
  47  6:20  Armory  
  47  6:22  Barracks Reactor  
  47  6:23  SCV  
  47  6:25  Barracks Reactor  
  48  6:35  Engineering Bay  
  48  6:39  SCV  
  50  6:45  Planetary Fortress  
  49  6:55  Missile Turret  
  49  6:57  Missile Turret  
  49  7:01  Missile Turret  
  49  7:07  SCV  
  50  7:14  Terran Infantry Armor Level 1  
  50  7:16  Drilling Claws  
  50  7:19  SCV  
  51  7:25  Factory  
  51  7:29  SCV  
  52  7:31  SCV  
  53  7:37  Marine x2  
  53  7:39  Marine  
  53  7:41  SCV  
  53  7:42  Marine  
  53  7:43  Marine  
  59  7:46  Marine  
  60  7:53  Marine  
  60  7:55  Marine  
  62  8:00  Supply Depot  
  62  8:01  Supply Depot  
  62  8:10  Factory Reactor  
  62  8:21  SCV x2, Marine  
  62  8:24  Supply Depot  
  62  8:25  Supply Depot  
  62  8:26  Supply Depot  
  65  8:28  Refinery  
  65  8:29  Refinery  
  65  8:34  Terran Infantry Weapons Level 2  
  65  8:39  Widow Mine  
  67  8:51  Supply Depot  
  67  8:52  Widow Mine  
  69  9:00  Widow Mine  
  71  9:09  Command Center  
  71  9:12  Marine  
  71  9:13  Marine  
  71  9:15  Marine  
  74  9:18  Marine  
  74  9:22  Widow Mine  
  77  9:24  Marine x2  
  77  9:25  Marine  
  80  9:31  Marine x2  
  80  9:33  Marine  
  80  9:35  Marine  
  84  9:46  Marine  
  84  9:47  Marine x2  
  84  9:49  Terran Infantry Armor Level 2  
  87  9:57  Widow Mine x2  
  91  10:00  Widow Mine  
  91  10:03  SCV  
  94  10:10  Terran Vehicle And Ship Armor Level 1  
  94  10:18  Widow Mine  
  94  10:19  Widow Mine, Supply Depot  
  98  10:23  Supply Depot  
  98  10:25  Planetary Fortress  
  97  10:30  Missile Turret  
  97  10:49  Marine x4  
  100  10:50  Marine x3  
  104  11:07  Marine x5  
  104  11:08  Marine x2  
  104  11:10  Widow Mine  
  113  11:24  Marine  
  113  11:25  Marine x5  
  116  11:26  Marine  
  97  11:42  Terran Infantry Weapons Level 3, Marine x2  
  97  11:43  Marine x5  
  90  11:57  SCV  
  90  11:58  SCV x2  
  90  12:00  Marine x3  
  90  12:01  Marine x4  
  100  12:09  SCV  
  100  12:10  SCV x2, Medivac x2  
  107  12:21  SCV  
  107  12:22  SCV  
  87  12:51  Marine  
  87  12:52  Marine x4  
  87  12:53  Marine x2  
  79  13:09  Marine x2  
  79  13:10  Marine x4  
  79  13:11  Marine  
  85  13:14  Terran Infantry Armor Level 3  
  85  13:16  Widow Mine  
  85  13:17  Widow Mine  
  87  13:20  Widow Mine  
  87  13:24  Missile Turret  
  85  13:27  Marine x3  
  85  13:28  Marine x4  
  88  13:35  Medivac x2  
  88  13:39  Widow Mine x2  
  96  13:43  Terran Vehicle And Ship Armor Level 2  
  96  13:45  Marine x3  
  96  13:46  Marine x4  
  95  14:03  Marine x5  
  95  14:04  Marine x2  
  87  14:21  Marine x5  
  87  14:22  Marine x2  
  80  14:38  Marine  
  80  14:39  Marine x5  
  80  14:40  Marine  
  80  14:56  Marine x2  
  69  15:04  Marine  
  69  15:05  Widow Mine  
  69  15:06  Widow Mine x2  
  75  15:11  Marine x3  
  75  15:12  Marine  
  76  15:14  Marine x2  
  78  15:21  Missile Turret  
  78  15:22  Marine  
  78  15:27  Widow Mine x3  
  85  15:29  Marine x3  
  88  15:48  Widow Mine x3, Missile Turret, Marine x4  
  88  15:49  Missile Turret, Marine  
  99  15:58  Hi-Sec Auto Tracking, Neosteel Armor  
  99  16:00  Terran Vehicle And Ship Armor Level 3  
  99  16:01  Marine x2  
  99  16:02  Medivac  
  99  16:03  Medivac  
  105  16:06  Marine x3  
  105  16:09  Widow Mine  
  105  16:10  Widow Mine x2  
  105  16:11  SCV x3  
  117  16:23  SCV  
  118  16:31  Widow Mine x3  
  124  16:32  Medivac  
  124  16:33  Medivac  
  123  17:02  Medivac  
  123  17:03  Medivac, Marine x4  
  123  17:04  Marine x3  
  123  17:07  Widow Mine  
  126  17:21  Reaper x2, Marine x2  
  126  17:22  Reaper x3  
  111  17:32  Medivac  
  102  17:39  Reaper x2  
  53  17:53  Reaper, Marine x2  
  53  17:54  Marine x2  
  56  18:10  Marine  
  56  18:11  Marine  
  45  18:17  Marine x3  
  45  18:18  Marine  
  43  18:25  Marine  
  42  18:28  Marine  
Show
View Real Time Build Order
Export as new Build Order

Starfax Terran 

Build Orders: Command Center First (CC) 

Get SALT Encoding   

  12  0:01  SCV  
  13  0:13  SCV  
  14  0:30  SCV  
  14  0:32  Supply Depot  
  15  0:54  SCV  
  16  1:06  SCV  
  17  1:20  SCV  
  18  1:25  Command Center  
  19  1:37  Refinery  
  19  1:39  Refinery  
  18  1:48  SCV  
  19  1:58  Barracks  
  19  2:00  SCV  
  20  2:12  SCV  
  21  2:27  Command Center  
  21  2:32  SCV  
  22  2:39  SCV  
  22  2:44  SCV  
  24  2:52  Factory  
  24  2:58  SCV  
  25  3:01  SCV  
  26  3:13  SCV  
  26  3:17  Orbital Command  
  27  3:25  Orbital Command  
  27  3:39  Factory Reactor  
  28  3:41  Starport  
  28  3:48  Orbital Command  
  27  3:52  SCV  
  27  3:53  SCV  
  29  4:04  SCV  
  29  4:05  SCV  
  29  4:09  Barracks Reactor  
  31  4:11  Starport  
  31  4:17  SCV  
  32  4:18  SCV x2  
  34  4:29  SCV  
  34  4:30  SCV x2  
  36  4:31  Viking  
  36  4:32  Viking  
  40  4:41  SCV  
  40  4:42  SCV x2  
  43  4:53  SCV  
  43  4:54  SCV x2  
  46  5:01  Viking x2  
  46  5:06  SCV x2  
  52  5:07  SCV  
  52  5:13  Supply Depot  
  52  5:14  Supply Depot  
  53  5:20  Refinery x2  
  53  5:35  SCV x3, Viking x2  
  60  5:37  Supply Depot  
  60  5:47  SCV x3  
  60  5:48  Viking  
  60  5:49  Viking  
  67  5:59  SCV x3  
  70  6:10  Viking x2  
  77  6:11  SCV x3  
  77  6:13  Refinery x2  
  77  6:16  Supply Depot  
  77  6:17  Supply Depot  
  77  6:22  Starport, Barracks Reactor, Factory Reactor  
  77  6:24  Starport  
  77  6:38  SCV x3, Viking  
  82  6:48  Viking  
  82  6:49  Viking x2  
  82  6:50  SCV x3  
  93  7:04  SCV x2  
  93  7:30  Supply Depot, Viking x2  
  93  7:31  SCV x3, Supply Depot  
  93  7:32  Supply Depot, Command Center  
  93  7:33  Supply Depot  
  93  7:35  Viking x4  
  108  7:43  SCV  
  109  7:48  Armory  
  109  7:50  Armory  
  109  7:52  SCV x2, Viking x2  
  109  7:53  Factory Tech Lab  
  109  7:55  SCV  
  116  8:00  Viking x2  
  116  8:01  Engineering Bay  
  116  8:04  SCV x2  
  122  8:07  SCV  
  122  8:12  Viking  
  125  8:13  Viking x2  
  125  8:16  SCV x2  
  125  8:19  SCV  
  132  8:32  Viking x3  
  132  8:33  Viking  
  140  8:39  Terran Ship Weapons Level 1, Terran Vehicle And Ship Armor Level 1  
  140  8:42  Smart Servos  
  140  8:44  Viking x2  
  140  8:47  SCV  
  140  8:48  SCV x2  
  147  8:53  Planetary Fortress  
  147  8:54  Missile Turret  
  147  9:00  SCV  
  147  9:01  SCV x2  
  150  9:06  Viking  
  150  9:07  Viking  
  154  9:12  SCV  
  154  9:13  SCV, Missile Turret  
  156  9:24  Refinery  
  156  9:26  Refinery  
  156  9:28  Supply Depot  
  156  9:31  Supply Depot  
  156  9:32  Supply Depot  
  156  9:33  Supply Depot  
  156  9:49  Viking x4  
  164  9:52  Viking x3  
  164  9:53  SCV  
  164  9:54  Viking  
  173  10:04  Supply Depot  
  173  10:05  SCV x2, Supply Depot  
  173  10:06  SCV  
  176  10:19  Viking x4  
  184  10:22  Viking x2  
  184  10:25  Viking x2  
  192  10:48  Command Center  
  192  10:49  Viking x4  
  200  11:13  Barracks Reactor  
  200  11:15  Starport  
  200  11:23  Starport, Factory Reactor  
  200  12:06  Terran Ship Weapons Level 2  
  200  12:07  Terran Vehicle And Ship Armor Level 2  
  128  12:51  Viking x3  
  128  12:52  Viking x9  
  114  13:11  Missile Turret  
  114  13:13  Planetary Fortress  
  114  13:21  Viking x5  
  114  13:22  Viking x7  
  138  13:30  Missile Turret  
  138  13:50  Refinery  
  138  13:51  Refinery, Viking x5  
  138  13:52  Viking x7  
  160  14:21  Viking x5  
  160  14:22  Viking x7  
  138  14:51  Viking x8  
  138  14:52  Viking x4  
  158  15:21  Viking x8  
  150  15:22  Viking x4  
  160  15:51  Viking x8  
  160  15:52  Viking  
  178  16:01  Viking x3  
  184  16:10  Terran Ship Weapons Level 3, Terran Vehicle And Ship Armor Level 3  
  184  16:19  Command Center  
  184  16:21  Viking x8  
  200  16:31  Viking  
  132  16:41  Viking  
  132  16:42  Viking x2  
  122  16:51  Viking x8  
  138  17:01  Viking  
  140  17:11  Viking x3  
  134  17:21  Viking x8  
  136  17:31  Viking  
  134  17:41  Viking x3  
  136  17:50  Viking  
  138  17:51  Viking x7  
  148  18:01  Viking  
  145  18:11  Viking x3  
  151  18:20  Viking  
  151  18:21  Viking x7  
  167  18:31  Viking  
Show
View Real Time Build Order
Export as new Build Order

BritneySpear Terran 

Build Orders:  

Get SALT Encoding   

  12  0:01  SCV  
  13  0:13  SCV  
  14  0:24  Supply Depot  
  14  0:26  SCV  
  15  0:45  SCV  
  15  0:47  Barracks  
  16  0:57  SCV  
  16  0:58  Refinery  
  17  1:06  Barracks  
  17  1:10  SCV  
  18  1:17  Refinery  
  18  1:22  SCV  
  19  1:29  Supply Depot  
  19  1:39  Orbital Command  
  19  1:44  Reaper  
  20  1:54  Reaper  
  21  2:05  SCV  
  22  2:17  SCV  
  23  2:26  Engineering Bay  
  23  2:42  Command Center  
  21  3:01  SCV  
  21  3:05  Missile Turret  
  22  3:15  Missile Turret  
  22  3:16  SCV  
  22  3:17  Barracks Tech Lab  
  22  3:18  Missile Turret  
  23  3:32  Factory, Barracks Reactor  
  23  3:34  SCV  
  23  3:39  Combat Shield  
  24  3:46  SCV  
  25  3:55  Sensor Tower  
  25  3:59  SCV  
  26  4:07  Orbital Command  
  26  4:11  SCV  
  27  4:20  Factory Tech Lab  
  27  4:23  SCV  
  27  4:24  Marauder, Marine x2  
  32  4:33  Missile Turret  
  32  4:35  Refinery  
  32  4:41  Marine x2  
  34  4:51  Armory  
  34  4:59  Marauder, Marine x2  
  38  5:06  Refinery  
  38  5:07  SCV  
  39  5:17  Marine  
  39  5:19  SCV  
  41  5:22  Terran Infantry Weapons Level 1  
  41  5:25  Stimpack  
  41  5:30  Barracks  
  41  5:32  SCV  
  42  5:44  SCV  
  42  5:48  Starport  
  43  5:50  SCV  
  43  5:56  SCV  
  45  6:04  Supply Depot  
  45  6:08  Terran Vehicle And Ship Armor Level 1  
  45  6:18  Engineering Bay  
  45  6:22  Barracks Reactor  
  45  6:25  Thor  
  51  6:28  Starport Reactor  
  51  6:30  Missile Turret  
  51  6:36  Missile Turret  
  51  6:38  SCV x2  
  53  6:42  Marine  
  54  6:47  Supply Depot  
  54  7:07  Command Center  
  54  7:09  SCV x2, Marauder, Marine x2  
  60  7:18  Terran Infantry Weapons Level 2  
  60  7:19  Terran Infantry Armor Level 1  
  60  7:27  Marine  
  61  7:38  Sensor Tower  
  61  7:45  Supply Depot  
  61  7:46  Supply Depot  
  61  7:47  Marine  
  62  7:55  Supply Depot  
  62  8:00  Missile Turret  
  62  8:02  Supply Depot  
  62  8:04  Terran Vehicle Weapons Level 1  
  62  8:06  Marine x2  
  62  8:07  Marauder, Thor  
  62  8:12  SCV x2  
  74  8:23  Orbital Command  
  74  8:24  SCV  
  74  8:26  Missile Turret  
  75  8:29  SCV, Missile Turret  
  76  8:35  Medivac  
  76  8:36  SCV  
  79  8:41  SCV  
  80  8:50  SCV  
  81  8:57  Thor  
  81  9:02  SCV  
  88  9:08  Armory  
  88  9:10  Medivac  
  88  9:12  Marine x3  
  88  9:13  Marauder, Marine  
  88  9:16  Terran Infantry Armor Level 2  
  96  9:24  SCV  
  97  9:26  Barracks  
  97  9:27  Refinery  
  97  9:29  Refinery  
  97  9:30  Marine x2  
  99  9:34  Medivac  
  99  9:36  SCV  
  102  9:40  Medivac  
  102  9:41  Supply Depot x2  
  104  9:49  Supply Depot  
  104  9:53  Marauder, Marine x3  
  109  10:00  Terran Vehicle Weapons Level 2, Terran Vehicle And Ship Armor Level 2  
  109  10:02  Thor  
  115  10:08  Factory  
  115  10:35  Terran Infantry Weapons Level 3  
  115  10:36  Marine x2  
  115  10:37  Marauder, Marine x3  
  115  10:39  SCV  
  123  10:47  Supply Depot  
  123  10:49  Supply Depot  
  123  10:50  Supply Depot  
  123  10:51  SCV  
  123  10:53  Factory Tech Lab  
  123  10:54  Marine x2  
  126  11:07  Marauder, Marine x3  
  126  11:10  Medivac x2  
  135  11:12  Marine x2  
  135  11:13  Thor  
  135  11:15  Thor  
  149  11:24  Command Center  
  149  11:25  Marine x3  
  152  11:38  Terran Infantry Armor Level 3  
  152  11:43  Marine x2  
  152  11:44  Marauder, Marine  
  157  12:09  Supply Depot  
  157  12:10  Supply Depot x2  
  157  12:31  Marine x5  
  157  12:32  Thor  
  130  12:46  Marauder  
  130  12:48  Marine x5  
  110  13:06  Marine x5  
  110  13:08  Marauder  
  81  13:23  Thor x2  
  81  13:24  Marine x5  
  92  13:27  Planetary Fortress  
  92  13:29  Marauder  
  92  13:31  Missile Turret  
  94  13:42  Marine x5  
  94  13:43  Terran Vehicle And Ship Armor Level 3, Terran Vehicle Weapons Level 3  
  94  13:46  Medivac x2  
  103  13:49  Supply Depot  
  103  13:51  Marauder  
  103  13:55  Missile Turret  
  105  13:56  Missile Turret  
  105  13:58  Sensor Tower  
  105  14:00  Marine x5  
  110  14:12  Marauder  
  97  14:17  Marine x3  
  92  14:25  Missile Turret  
  92  14:26  Missile Turret  
  92  14:27  Missile Turret  
  92  14:30  Marine x2  
  84  14:33  Marauder  
  84  14:35  Marine x3  
  89  14:48  Marine x2  
  91  14:53  Marine  
  91  14:55  Marauder  
  86  15:16  Marauder  
  68  15:30  Marine  
  68  15:31  Marine x4  
  72  15:36  Refinery  
  72  15:38  Refinery, Marauder  
  74  15:44  Missile Turret  
  74  15:48  Marine x3  
  74  15:49  Marine x2  
  79  15:57  Thor x2  
  79  15:59  Marauder  
  93  16:06  Marine x2  
  93  16:07  Marine  
  93  16:08  Marine  
  98  16:17  Barracks  
  98  16:18  Barracks  
  98  16:19  Barracks  
  98  16:20  Marauder  
  98  16:21  Barracks  
  98  16:23  Barracks Tech Lab  
  98  16:24  Marine x2, Barracks  
  101  16:25  Marine x2  
  103  16:42  Marauder, Marine x2  
  103  16:43  Marine x2  
  104  16:53  Marauder  
  91  17:00  Marine x2  
  91  17:01  Marine  
  76  17:03  Marauder  
  76  17:06  Marine x3  
  58  17:14  Marauder  
  56  17:17  Marine  
  48  17:24  Marauder, Marine x3  
  48  17:26  Marine  
  41  17:33  Thor x2  
  41  17:35  Marauder  
  52  17:42  Marine x3  
  51  17:46  Marauder  
  51  17:50  Medivac  
  51  17:51  Medivac  
  56  17:55  SCV  
  56  17:57  Marauder  
  58  18:01  Barracks  
  58  18:03  Barracks  
  58  18:04  Barracks  
  61  18:07  SCV, Marauder  
  61  18:12  Barracks Reactor  
  62  18:13  Barracks Reactor  
  62  18:15  Barracks Reactor  
  62  18:18  Marine  
  62  18:19  Thor x2  
  74  18:20  Medivac  
  74  18:21  Medivac  
  78  18:29  Marauder  
  81  18:36  Marauder  
Show
View Real Time Build Order
Export as new Build Order

Crisis Zerg 

Build Orders: Pool First 

Get SALT Encoding   

  12  0:01  Drone  
  13  0:22  Drone  
  13  0:23  Overlord  
  14  0:44  Drone  
  14  0:45  Drone  
  14  0:46  Drone  
  17  0:56  Drone  
  18  1:15  Drone  
  19  1:24  Extractor  
  18  1:26  Spawning Pool  
  18  1:32  Drone  
  18  1:33  Drone  
  19  1:48  Drone  
  20  2:11  Hatchery  
  19  2:21  Extractor, Drone  
  19  2:32  Drone  
  20  2:42  Drone  
  20  2:43  Drone  
  22  2:52  Lair  
  22  3:07  Overlord  
  22  3:08  Overlord  
  22  3:12  Hatchery  
  21  3:17  Drone  
  22  3:23  Drone  
  22  3:24  Drone  
  24  3:30  Drone  
  25  3:38  Drone  
  26  3:49  Drone  
  26  3:50  Drone  
  26  3:51  Drone  
  29  3:58  Drone  
  29  4:02  Drone  
  31  4:07  Drone  
  32  4:14  Drone  
  33  4:18  Drone  
  33  4:23  Extractor  
  33  4:27  Hydralisk Den  
  32  4:33  Evolution Chamber x2  
  32  4:34  Drone x2  
  32  4:35  Drone  
  26  4:47  Spore Crawler  
  22  5:03  Spore Crawler  
  21  5:20  Drone  
  22  5:22  Drone  
  22  5:23  Drone x2  
  22  5:24  Drone x2  
  27  5:29  Drone  
  27  5:30  Drone  
  27  5:35  Drone x3  
  32  5:38  Zerg Missile Weapons Level 1  
  32  5:39  Zerg Ground Armor Level 1  
  32  5:42  Grooved Spines  
  32  5:45  Drone  
  32  5:46  Drone  
  32  5:47  Drone  
  35  5:52  Drone  
  35  5:53  Drone  
  38  6:04  Drone  
  38  6:05  Drone x2  
  38  6:08  Drone  
  41  6:20  Drone  
  41  6:21  Drone  
  41  6:22  Drone  
  41  6:23  Queen  
  41  6:24  Queen x2  
  50  6:27  Overlord  
  50  6:28  Overlord x2  
  50  6:37  Overlord  
  50  6:40  Overlord  
  50  6:47  Hydralisk  
  50  6:48  Hydralisk  
  50  6:49  Drone x2  
  50  6:54  Muscular Augments  
  56  6:56  Hydralisk x2  
  56  6:59  Pneumatized Carapace  
  60  7:04  Drone  
  61  7:14  Drone x2  
  63  7:18  Hydralisk  
  63  7:19  Drone, Hydralisk  
  68  7:28  Drone  
  68  7:29  Drone  
  71  7:30  Drone  
  71  7:43  Drone x4  
  71  7:44  Drone x4  
  77  7:48  Extractor  
  78  7:51  Zerg Missile Weapons Level 2  
  78  7:52  Zerg Ground Armor Level 2  
  78  7:53  Extractor  
  77  8:19  Extractor  
  76  8:28  Hatchery  
  76  8:29  Extractor  
  74  8:37  Infestation Pit  
  73  8:43  Drone  
  73  8:44  Drone x3  
  73  8:45  Drone x2  
  73  8:46  Hydralisk  
  81  8:54  Overlord  
  81  8:55  Overlord x2  
  81  8:57  Overlord  
  81  8:59  Drone x3  
  81  9:00  Extractor, Drone x7  
  81  9:02  Overlord  
  90  9:03  Overlord  
  90  9:14  Spore Crawler  
  90  9:15  Drone  
  90  9:20  Overlord, Hydralisk  
  90  9:21  Hydralisk x2  
  90  9:22  Hydralisk x2  
  100  9:24  Hydralisk  
  100  9:28  Hive  
  102  9:35  Drone x4  
  102  9:37  Overlord  
  102  9:38  Queen  
  106  9:39  Overlord, Hydralisk x2  
  106  9:40  Hydralisk  
  106  9:41  Overseer  
  106  9:43  Hydralisk  
  116  9:46  Drone x2  
  118  9:53  Overlord  
  118  9:58  Queen  
  120  10:08  Hydralisk x2  
  120  10:09  Hydralisk  
  126  10:15  Hydralisk x5  
  136  10:22  Hydralisk x2  
  136  10:23  Hydralisk x2  
  144  10:29  Hydralisk  
  144  10:30  Hydralisk x2  
  144  10:31  Hydralisk x2  
  144  10:34  Hydralisk x2  
  144  10:35  Hydralisk x3  
  160  10:41  Hydralisk  
  160  10:42  Hatchery, Hydralisk  
  167  10:49  Overseer  
  167  10:54  Hydralisk  
  167  10:55  Overlord x4  
  169  10:59  Overlord  
  169  11:03  Hydralisk  
  171  11:04  Hydralisk  
  171  11:08  Overlord x2  
  173  11:12  Zerg Missile Weapons Level 3  
  173  11:13  Zerg Ground Armor Level 3  
  173  11:16  Hydralisk  
  175  11:18  Hydralisk  
  175  11:19  Hydralisk x2  
  179  11:27  Hydralisk x2  
  179  11:28  Hydralisk  
  185  11:33  Hydralisk  
  165  11:50  Drone x2  
  165  11:51  Drone  
  168  11:54  Hydralisk x3  
  168  11:55  Hydralisk x3  
  180  12:01  Hydralisk x2  
  180  12:02  Hydralisk  
  180  12:07  Overseer x3  
  180  12:08  Overseer  
  186  12:13  Hydralisk x2  
  186  12:14  Drone, Hydralisk  
  193  12:23  Hydralisk x3  
  139  12:45  Hydralisk x5  
  139  12:46  Hydralisk x4  
  151  12:54  Hydralisk  
  151  12:55  Hydralisk  
  151  12:56  Drone  
  128  13:06  Hydralisk x3  
  128  13:07  Hydralisk  
  132  13:19  Hydralisk x2  
  132  13:20  Hydralisk x2  
  132  13:21  Hydralisk  
  140  13:31  Hydralisk  
  140  13:32  Hydralisk  
  144  13:35  Hydralisk  
  144  13:36  Hydralisk x2  
  144  13:37  Hydralisk  
  144  13:41  Hydralisk x2  
  156  13:50  Hydralisk x2  
  156  13:51  Hydralisk x2  
  146  14:14  Hydralisk  
  146  14:15  Hydralisk x6  
  146  14:16  Hydralisk x2  
  132  14:23  Hydralisk x3  
  132  14:30  Hydralisk x2  
  132  14:31  Hydralisk x2  
  134  14:34  Hydralisk x3  
  144  14:48  Hydralisk  
  144  14:49  Hydralisk x4  
  154  14:52  Hydralisk  
  154  14:56  Hydralisk x3  
  154  14:57  Hydralisk x2  
  166  15:11  Overlord x5  
  166  15:15  Overlord  
  166  15:18  Overlord  
  166  15:20  Overlord  
  166  15:23  Overlord  
  166  15:26  Overlord  
  166  15:32  Hydralisk x2  
  166  15:33  Hydralisk  
  166  15:34  Hydralisk x2  
  166  15:35  Hydralisk  
  176  15:39  Hydralisk x2  
Tags
 
Add a new tag
Caveats
  • Supply blocks, unpowered buildings, or Contaminate may cause inaccurate times.
  • Supply counts are checked every 10 seconds.